Map: Romanticide LE

Players

MaxPax - Winner!

  • Race: Protoss Protoss

Bunny

  • Race: Terran Terran

Event: DreamHack SC2 Masters 2021 Fall

VOD

Have the link to the VOD?

Description

Time

  • Played on: Sept. 8, 2021, 11:18 a.m.
  • Length: 15:27

All games in this series

Show
View Real Time Build Order
Export as new Build Order

MaxPax Protoss - Winner!

Build Orders: 1 Gate Expand, Blink Stalkers 

Get SALT Encoding   

  12  0:00  Probe  
  13  0:12  Probe  
  14  0:17  Pylon  
  14  0:19  Pylon  
  14  0:24  Probe (Chrono Boost)  
  15  0:38  Probe (Chrono Boost)  
  15  0:39  Gateway  
  16  0:45  Probe (Chrono Boost)  
  16  0:47  Assimilator  
  17  0:52  Probe  
  18  1:04  Probe  
  19  1:16  Probe  
  20  1:24  Nexus  
  20  1:34  Cybernetics Core  
  20  1:37  Probe  
  21  1:43  Assimilator  
  21  1:49  Probe  
  21  1:53  Pylon  
  22  2:01  Probe  
  23  2:08  Adept (Chrono Boost)  
  23  2:13  Probe (Chrono Boost), Warp Gate  
  26  2:23  Twilight Council  
  26  2:25  Probe (Chrono Boost)  
  27  2:31  Stalker  
  27  2:34  Probe (Chrono Boost)  
  31  2:38  Probe (Chrono Boost)  
  32  2:45  Probe (Chrono Boost)  
  32  2:47  Probe (Chrono Boost)  
  32  2:50  Gateway  
  33  2:52  Probe x2 (Chrono Boost)  
  33  2:54  Blink (Chrono Boost)  
  35  3:04  Probe  
  36  3:12  Probe  
  37  3:18  Robotics Facility  
  37  3:21  Probe  
  37  3:24  Gateway  
  37  3:26  Probe  
  39  3:30  Stalker  
  41  3:35  Probe  
  41  3:39  Pylon  
  41  3:40  Probe  
  43  3:47  Probe  
  43  3:48  Gateway  
  44  3:55  Probe  
  45  3:58  Pylon  
  45  4:02  Stalker  
  47  4:08  Probe  
  47  4:09  Stalker  
  48  4:13  Pylon  
  48  4:15  Probe  
  49  4:19  Assimilator, Stalker  
  49  4:20  Probe  
  52  4:25  Observer (Chrono Boost)  
  52  4:27  Assimilator, Stalker, Probe  
  55  4:41  Probe  
  55  4:43  Warp Prism (Chrono Boost)  
  57  4:48  Stalker  
  57  4:52  Stalker  
  63  4:55  Stalker  
  63  4:58  Stalker  
  66  5:04  Probe x2  
  66  5:05  Pylon  
  68  5:09  Observer  
  68  5:14  Stalker  
  70  5:22  Observer  
  69  5:31  Pylon  
  69  5:32  Stalker  
  69  5:33  Stalker x2  
  69  5:34  Probe  
  77  5:49  Pylon, Stalker  
  76  5:50  Probe  
  76  5:54  Probe  
  76  5:59  Stalker x3  
  76  6:02  Probe  
  81  6:06  Probe  
  80  6:18  Probe  
  80  6:19  Observer  
  80  6:22  Nexus  
  80  6:23  Stalker x4  
  80  6:24  Probe  
  86  6:31  Probe  
  85  6:36  Pylon, Probe  
  85  6:37  Robotics Bay  
  86  6:47  Forge, Probe  
  88  6:57  Stalker x4  
  88  7:01  Probe  
  90  7:22  Observer, Colossus (Chrono Boost)  
  84  7:25  Probe  
  84  7:28  Probe  
  84  7:29  Charge  
  88  7:34  Pylon  
  88  7:38  Zealot x4  
  88  7:40  Probe  
  95  7:46  Observer  
  95  7:48  Probe  
  96  7:53  Shield Battery  
  96  8:03  Zealot x4  
  104  8:11  Protoss Ground Weapons Level 1 (Chrono Boost), Extended Thermal Lance  
  104  8:12  Colossus (Chrono Boost)  
  109  8:15  Gateway  
  109  8:18  Gateway  
  109  8:19  Probe  
  107  8:21  Shield Battery  
  107  8:22  Gateway  
  107  8:25  Gateway  
  107  8:29  Zealot x3  
  107  8:32  Probe  
  107  8:33  Probe  
  115  8:40  Zealot  
  117  8:47  Nexus  
  117  8:54  Zealot x3  
  121  9:04  Zealot  
  121  9:15  Pylon x2  
  121  9:22  Colossus (Chrono Boost)  
  115  9:27  Zealot x2  
  115  9:28  Zealot  
  115  9:30  Zealot  
  115  9:31  Zealot x4  
  117  9:34  Probe  
  106  9:48  Probe x3  
  109  9:57  Dark Shrine  
  109  9:59  Sentry x2  
  113  10:00  Pylon, Zealot x3  
  113  10:01  Nexus  
  113  10:05  Pylon  
  119  10:12  Warp Prism (Chrono Boost)  
  121  10:16  Stalker x2  
  123  10:23  Pylon  
  115  10:32  Probe  
  115  10:33  Probe  
  109  10:40  Stalker x6  
  109  10:42  Observer (Chrono Boost)  
  122  10:49  Probe  
  123  10:50  Protoss Ground Weapons Level 2 (Chrono Boost)  
  123  10:52  Probe  
  123  10:56  Disruptor (Chrono Boost)  
  121  11:04  Shield Battery  
  121  11:05  Pylon  
  121  11:08  Zealot x3  
  121  11:09  Zealot  
  129  11:12  Shadow Stride  
  129  11:14  Pylon  
  129  11:15  Dark Templar  
  131  11:21  Disruptor (Chrono Boost)  
  131  11:23  Probe x3  
  137  11:38  Probe  
  136  11:45  Probe  
  129  11:48  Pylon, Photon Cannon, Stalker x3  
  129  11:52  Stalker x3  
  141  11:55  Assimilator x2  
  141  11:59  Photon Cannon  
  141  12:02  Photon Cannon  
  138  12:16  Zealot  
  138  12:18  Disruptor  
  138  12:20  Stalker x3, Zealot x4  
  139  12:48  Dark Templar x5  
  139  12:49  Zealot x3  
  153  12:55  Observer  
  154  13:00  Photon Cannon  
  154  13:07  Gateway  
  154  13:08  Gateway  
  154  13:12  Forge  
  154  13:15  Disruptor  
  154  13:16  Stalker x3  
  154  13:17  Photon Cannon  
  154  13:18  Pylon  
  163  13:24  Stalker x5  
  169  13:44  Zealot x3  
  169  13:46  Pylon  
  175  13:49  Zealot x3  
  175  13:50  Pylon, Zealot x2  
  175  13:55  Disruptor (Chrono Boost)  
  162  14:22  Nexus  
  162  14:23  Dark Templar x5  
  170  14:28  Observer (Chrono Boost)  
  171  14:31  Zealot x5  
  153  15:12  Zealot x10  
Show
View Real Time Build Order
Export as new Build Order

Bunny Terran 

Build Orders:  

Get SALT Encoding   

  12  0:00  SCV  
  13  0:12  SCV  
  14  0:17  Supply Depot  
  14  0:24  SCV  
  15  0:38  SCV  
  15  0:39  Barracks  
  15  0:42  Refinery  
  16  0:50  SCV  
  17  1:02  SCV  
  18  1:14  SCV  
  19  1:28  Marine, Orbital Command  
  20  1:44  Command Center  
  20  1:53  Factory  
  20  1:57  SCV  
  21  2:04  Barracks Reactor  
  21  2:08  Supply Depot  
  21  2:10  SCV  
  22  2:19  Bunker  
  23  2:22  SCV  
  23  2:25  Refinery  
  23  2:34  SCV  
  24  2:41  Starport  
  24  2:46  Hellion  
  24  2:50  Hellion  
  28  2:52  SCV  
  29  2:59  Orbital Command  
  29  3:04  SCV  
  30  3:08  Widow Mine  
  30  3:11  Widow Mine  
  34  3:16  SCV  
  34  3:18  Medivac  
  37  3:24  SCV  
  38  3:28  SCV  
  38  3:29  Widow Mine  
  38  3:33  Widow Mine  
  43  3:37  Supply Depot  
  43  3:38  SCV  
  43  3:40  SCV  
  45  3:50  SCV  
  45  3:51  Starport Tech Lab  
  46  3:59  SCV  
  46  4:02  SCV  
  48  4:09  Factory Tech Lab  
  47  4:10  Marine x2  
  47  4:11  SCV  
  47  4:12  Raven, Barracks  
  47  4:14  SCV  
  53  4:17  Supply Depot  
  53  4:23  SCV  
  54  4:26  Refinery  
  54  4:28  Engineering Bay  
  54  4:32  SCV  
  54  4:33  Marine x2, Siege Tank  
  54  4:38  SCV  
  54  4:42  Barracks  
  54  4:44  SCV  
  52  4:46  Supply Depot  
  52  4:50  SCV  
  52  4:52  Marine  
  54  4:53  Bunker  
  54  4:56  SCV  
  55  5:03  SCV  
  55  5:05  Marine, Supply Depot  
  55  5:06  Siege Tank  
  60  5:08  Marine, SCV  
  60  5:10  Marine  
  60  5:11  Starport Reactor  
  60  5:13  Stimpack  
  63  5:15  SCV  
  63  5:20  SCV  
  65  5:22  Bunker  
  65  5:25  Marine x2  
  65  5:26  Bunker  
  66  5:38  Siege Tank  
  64  5:43  Marine x4  
  67  5:51  SCV x2  
  65  6:01  Marine x3  
  65  6:04  SCV x2  
  63  6:07  Marine  
  63  6:10  Siege Tank  
  58  6:18  SCV  
  58  6:19  Marine x3, SCV  
  62  6:30  SCV  
  62  6:31  SCV, Medivac  
  66  6:34  Medivac  
  68  6:41  Refinery  
  68  6:42  Supply Depot  
  68  6:43  SCV  
  69  6:53  SCV, Factory Reactor  
  67  6:55  SCV, Combat Shield, Marauder  
  67  6:56  Marauder  
  72  7:04  Medivac  
  60  7:16  Marauder  
  60  7:17  Marine x2, Marauder  
  60  7:19  SCV x2  
  61  7:28  Medivac  
  63  7:31  SCV x2  
  63  7:34  Widow Mine  
  67  7:38  Marauder x2  
  67  7:43  SCV x2  
  73  7:44  Marine x2  
  73  7:46  Concussive Shells  
  75  7:55  Supply Depot, SCV x2  
  77  7:59  Marauder  
  77  8:00  Marauder  
  77  8:02  Marine x2  
  86  8:05  Widow Mine  
  86  8:06  Widow Mine  
  86  8:17  SCV x2  
  88  8:20  Marine  
  88  8:21  Marauder x2  
  93  8:29  SCV  
  93  8:31  Supply Depot x2  
  94  8:43  Command Center  
  94  8:47  Terran Infantry Armor Level 1  
  94  8:52  Supply Depot, SCV x2  
  94  8:54  Marauder  
  97  9:00  Marine x2  
  96  9:05  SCV x2  
  96  9:06  Widow Mine  
  96  9:09  Medivac  
  100  9:15  Marauder  
  100  9:16  Marine  
  103  9:19  SCV  
  103  9:20  SCV  
  94  9:35  SCV x2  
  83  9:44  Marauder x2  
  83  9:45  Marine x2  
  80  9:51  Viking x2, Widow Mine x2  
  77  9:53  SCV  
  77  9:55  SCV  
  79  10:04  Barracks x2  
  79  10:06  SCV  
  80  10:08  SCV  
  81  10:17  Orbital Command  
  81  10:18  SCV  
  81  10:19  Marauder  
  81  10:20  SCV  
  83  10:22  Marine x2  
  83  10:29  Viking  
  83  10:34  SCV x2  
  87  10:37  Armory  
  87  10:38  Marauder  
  87  10:41  Widow Mine x2  
  93  10:43  Marine  
  93  10:44  Marine  
  93  10:45  SCV  
  93  10:46  SCV  
  93  10:48  SCV  
  97  10:53  Barracks Reactor, Barracks Tech Lab  
  97  10:57  SCV  
  97  10:59  SCV  
  97  11:00  SCV  
  97  11:01  Marauder x2  
  97  11:02  Marine x2  
  106  11:08  Medivac x2  
  106  11:10  Terran Infantry Weapons Level 1  
  106  11:11  SCV x2  
  111  11:13  SCV  
  113  11:19  Refinery  
  113  11:20  Supply Depot  
  113  11:23  SCV x2  
  113  11:24  Marauder  
  113  11:25  SCV, Marauder  
  120  11:29  Marine, Marauder  
  120  11:30  Marine  
  121  11:40  SCV x3  
  121  11:45  Missile Turret  
  121  11:46  Marauder x2  
  127  11:48  Marine x2  
  127  11:49  Engineering Bay  
  127  11:50  Marine, Marauder  
  127  11:51  Marine  
  133  11:59  SCV x3  
  133  12:00  Command Center  
  136  12:08  Terran Ship Weapons Level 1  
  136  12:12  Marauder x2  
  136  12:14  Refinery, Marine  
  141  12:16  Supply Depot  
  141  12:25  Marine, SCV x2  
  141  12:27  SCV  
  141  12:32  Marine x2, Marauder  
  139  12:38  Marine, Marauder x2  
  139  12:41  Ghost Academy  
  139  12:43  Marine  
  145  12:48  SCV x3  
  145  12:49  Marine  
  145  12:50  Marine  
  145  12:51  Supply Depot x2  
  149  12:55  Missile Turret  
  149  12:56  Missile Turret  
  149  13:07  Sensor Tower  
  149  13:09  Bunker, Supply Depot  
  149  13:12  Medivac x2  
  153  13:13  Ghost x2  
  153  13:15  Ghost  
  153  13:17  Marine  
  153  13:18  Marine  
  153  13:19  Marine  
  162  13:20  Marine  
  162  13:23  Widow Mine  
  162  13:25  Widow Mine  
  167  13:33  SCV x2  
  169  13:39  Sensor Tower  
  169  13:48  SCV x3  
  171  13:51  Missile Turret  
  171  13:52  Ghost  
  172  13:58  Ghost  
  145  14:12  SCV  
  145  14:13  SCV x2  
  142  14:19  Command Center  
  140  14:32  Widow Mine x2  
  140  14:34  Liberator  
  147  14:41  Liberator  
  142  14:46  Orbital Command  
  142  14:49  Marine x3, Marauder x3  
  131  15:12  Command Center  

Tags
 
Add a new tag
Caveats
  • Supply blocks, unpowered buildings, or Contaminate may cause inaccurate times.
  • Supply counts are checked every 10 seconds.